 Dungeon Crawl Stone Soup version 0.23.2-1-ga50397a (webtiles) character file.

Game seed: 9951171430464446306

48 Iscandelvey the Vexing (level 3, -2/26 HPs)
             Began as a Demonspawn Arcane Marksman on Apr 17, 2019.
             Slain by an orc wizard
             ... wielding a +0 dagger
              (3 damage)
             ... on level 1 of the Dungeon.
             The game lasted 00:02:04 (630 turns).

Iscandelvey the Vexing (Demonspawn Arcane Marksman)  Turns: 630, Time: 00:02:04

Health: -2/26      AC:  3    Str: 10    XL:     3   Next: 50%
Magic:  4/4        EV: 17    Int: 18    God:
Gold:   35         SH:  0    Dex: 18    Spells: 3/4 levels left

rFire    . . .     SeeInvis .   a - +0 hand crossbow
rCold    . . .     Gourm    .   (no shield)
rNeg     . . .     Faith    .   h - +0 leather armour (curse)
rPois    .         Spirit   .   (helmet restricted)
rElec    .         Reflect  .   (no cloak)
rCorr    .         Harm     .   (no gloves)
MR       .....                  (no boots)
Stlth    ++........             (no amulet)
HPRegen  0.08/turn              n - +3 ring of intelligence
MPRegen  0.09/turn              (no ring)

@: agile
A: horns 1, powered by pain 1
a: no special abilities


You were on level 1 of the Dungeon.
You were not hungry.

You visited 1 branch of the dungeon, and saw 2 of its levels.

You collected 35 gold pieces.

Inventory:

Hand Weapons
 a - a +0 hand crossbow (weapon)
Missiles
 d - a bolt (quivered)
Armour
 e - a +0 robe
 h - a cursed +0 leather armour (worn)
Jewellery
 n - a +3 ring of intelligence (left hand)
Scrolls
 c - a scroll of identify {unknown}
 g - a scroll of remove curse {unknown}
 i - a scroll of blinking {unknown}
 l - a scroll of teleportation {unknown}
 m - a scroll of magic mapping {unknown}
Potions
 b - a potion of heal wounds {unknown}
 k - a potion of flight {unknown}
Comestibles
 f - a ration


   Skills:
 + Level 1.3 Fighting
 + Level 2.6 Crossbows
 + Level 1.9 Dodging
 + Level 0.2 Stealth
 + Level 1.0 Spellcasting
 + Level 3.7 Hexes


You had 3 spell levels left.
You knew the following spells:

 Your Spells              Type           Power        Failure   Level  Hunger
a - Corona                Hex            ##.....      6%          1    ##.....

Your spell library contained the following spells:

 Spells                   Type           Power        Failure   Level  Hunger
 Slow                     Hex            ##......     9%          2    ###....
 Inner Flame              Hex/Fire       #.......     36%         3    ####...
 Portal Projectile        Hex/Tloc       #.....       36%         3    ####...
 Cause Fear               Hex            ##........   52%         4    #####..
 Leda's Liquefaction      Hex/Erth       #.........   77%         4    #####..


Dungeon Overview and Level Annotations

Branches:
Dungeon (2/15)

Altars:


Innate Abilities, Weirdness & Mutations

You have a pair of small horns on your head.
You sometimes gain a little power by taking damage.


Message History

You shoot a bolt. The bolt closely misses the orc wizard.
The orc wizard hits you with a +0 dagger.
The orc misses you.
You are too injured to fight recklessly!
You are too injured to fight recklessly!
You are too injured to fight recklessly!
The orc wizard points at you and mumbles some strange words.
The puff of flame hits you!
* * * LOW HITPOINT WARNING * * *
You focus on the pain.
You feel more agile all of a sudden. The orc misses you.
You climb upwards.
There is a stone staircase leading down here.
You closely miss the orc wizard.
The orc wizard mumbles some strange words.
The orc wizard flickers and vanishes!
Deactivating autopickup; reactivate with Ctrl-A.
The orc barely misses you. Something hits you.
You die...

##### ### #...#
..##########...###
..)............{@#
#.##########...#o#
#.##############.#
......≈÷≈≈≈≈≈≈≈###
#.###≈.≈≈≈≈≈≈#≈#
#.# #.≈≈≈≈≈≈## ..#
#≈≈≈≈≈≈##
..###≈≈≈≈≈########
.....≈≈≈≈.≈......##


You could see an orc.

Vanquished Creatures
  An ooze (D:1)
  A dart slug (D:1)
  A leopard gecko (D:1)
  An orc (D:2)
  4 bats (D:1)
  5 goblins (D:1)
  5 hobgoblins (D:1)
  9 jackals (D:1)
  2 frilled lizards (D:1)
  4 kobolds (D:1)
  A rat (D:1)
34 creatures vanquished.

Notes
Turn   | Place    | Note
-------+----------+-------------------------------------------
     0 | D:1      | Iscandelvey the Demonspawn Arcane Marksman began the quest
                  | for the Orb.
     0 | D:1      | Reached XP level 1. HP: 15/15 MP: 2/2
    38 | D:1      | Gained mutation: You have a pair of small horns on your
                  | head. [demonic ancestry]
    38 | D:1      | Reached XP level 2. HP: 15/21 MP: 3/3
   336 | D:1      | Gained mutation: You sometimes gain a little power by
                  | taking damage. [demonic ancestry]
   336 | D:1      | Reached XP level 3. HP: 26/26 MP: 4/4
   628 | D:2      | HP: 1/26 [orc wizard/puff of flame (12)]
   630 | D:1      | Slain by an orc wizard

Skill      XL: |  1  2 |
---------------+-------+-----
Crossbows      | 2 |  2.6
Fighting       | |  1.3
Dodging        | |  1.9
Stealth        | |  0.2
Spellcasting   | |  1.0
Hexes          | |  3.7

Action                   || total
-------------------------++-------
Melee: Hand crossbow     ||     5
       Headbutt          ||     3
 Fire: Hand crossbow     ||    74
Armor: Robe              ||     2
       Leather armour    ||     6
Dodge: Dodged            ||    35
